 Dungeon Sprint DCSS version 0.17-a0-1446-gc28613e (webtiles) character file.

37 pulse the Chopper (level 3, -3/29 HPs)
             Began as a Formicid Fighter on June 28, 2015.
             Was a Follower of Qazlal.
             Slain by a small abomination (12 damage)
             ... in the Dungeon (Sprint V: "Ziggurat Sprint").
             The game lasted 00:04:36 (506 turns).

pulse the Chopper (Formicid Fighter)                 Turns: 506, Time: 00:04:37

Health: -3/29      AC: 21    Str: 27    XL:     3   Next: 62%
Magic:  3/3        EV:  0    Int:  7    God:    Qazlal [*.....]
Gold:   0          SH: 20    Dex: 16    Spells: 0 memorised, 2 levels left

rFire  . . .     SeeInvis +     p - +5 executioner's axe
rCold  . . .     Clarity  .     l - +5 crystal plate armour
rNeg   . . .     SustAt   .     o - +3 large shield
rPois  .         Gourm    .     (helmet unavailable)
rElec  .         Spirit   .     (no cloak)
rCorr  .         Warding  .     (no gloves)
rMut   .         Stasis   +     (no boots)
MR     .....                    (no amulet)
Stlth  ..........               F - +6 ring of dexterity
                                J - +6 ring of strength

@: not resistant to hostile enchantments, extremely unstealthy
A: permanent stasis, dig shafts and tunnels, four strong arms, antennae 3
a: Dig, Renounce Religion


You were in the Dungeon.
You worshipped Qazlal.
Qazlal was aware of your devotion.
You were not hungry.

You visited 1 branch

Inventory:

Hand weapons
 a - a +0 war axe
 p - a +5 executioner's axe (weapon)
 N - the +14 plutonium sword {*Contam Stlth-}
   (You found it in the Dungeon)

   It causes magical contamination when unequipped.
   It makes you less stealthy.
Armour
 l - a +5 crystal plate armour (worn)
 m - a +5 gold dragon armour
 o - a +3 large shield (worn)
Magical staves
 L - an uncursed staff of energy
Jewellery
 F - a +6 ring of dexterity (right hand)
 G - a +6 ring of dexterity
 H - a +6 ring of intelligence
 I - a +6 ring of intelligence
 J - a +6 ring of strength (left hand)
 K - a +6 ring of strength
 O - an uncursed ring of flight
Magical devices
 y - a wand of disintegration (7)
 C - a wand of fire (5)
 D - a wand of cold (5)
 E - a wand of draining (5)
Scrolls
 k - 4 scrolls of blinking
 n - 4 scrolls of amnesia
 q - 3 scrolls of recharging
 r - 7 scrolls of fog
 s - a scroll of holy word
 t - 5 scrolls of identify
 u - 5 scrolls of remove curse
 v - 2 scrolls of fear
Potions
 d - 6 potions of might
 f - 10 potions of curing
 g - 10 potions of heal wounds
 h - 6 potions of haste
 i - 7 potions of magic
 j - 3 potions of berserk rage
 w - 2 potions of brilliance
 x - 2 potions of invisibility
 z - 4 potions of resistance
 A - a potion of experience
 B - 5 potions of agility
Miscellaneous
 M - a disc of storms
Comestibles
 b - 42 fruits
 c - 4 meat rations
 e - 5 bread rations


   Skills:
 - Level 3.2 Fighting
 * Level 6.8 Axes
 - Level 3.2 Armour
 - Level 3.6 Shields


You had 2 spell levels left.
You didn't know any spells.

Dungeon Overview and Level Annotations

Branches:
Dungeon (1/1)

Altars:
Ashenzari
Cheibriados
Dithmenos
Elyvilon
Fedhas
Gozag
Kikubaaqudgha
Makhleb
Nemelex Xobeh
Okawaru
Qazlal
Ru
Sif Muna
Trog
Vehumet
Xom
Yredelemnul
Zin
The Shining One
Beogh
Jiyva
Lugonu


Innate Abilities, Weirdness & Mutations

You are under a permanent stasis effect.
You can dig through walls and to a lower floor.
Your four strong arms can wield two-handed weapons with a shield.
You have a pair of large antennae on your head (SInv).


Message History

The ufetubus hits you but does no damage.
You block the ufetubus's attack. x2
The ufetubus hits you but does no damage.
The small abomination hits you.
The ufetubus hits you but does no damage. x2
You barely miss the small abomination.
The small abomination is severely damaged.
You completely miss the ufetubus. You block the ufetubus's attack.
You block the ufetubus's attack.
The small abomination hits you but does no damage.
You block the ufetubus's attack.
The ufetubus hits you but does no damage.
The small abomination hits you but does no damage.
You hit the small abomination.
The small abomination is almost destroyed.
You miss the ufetubus. You block the ufetubus's attack.
You block the ufetubus's attack.
The ufetubus hits you but does no damage. x2
The small abomination hits you!
You die...

▓▓▓▓▓▓▓▓▓▓▓▓▓
▓.8©8.▓.8©8.▓
{{
▓.:)!.▓.....▓
{
▓.....▓.[.[.▓
▓.....▓.))..▓
▓.5.x.▓.....▓
▓..@..▓.....▓
▓.....▓▓▓▓▓▓▓
▓▓▓▓▓▓▓ {{{
{{{ { {


You could see a small abomination and an ufetubus.

Vanquished Creatures
  An orc priest (D)
  An ufetubus (D)
  An orc (D)
3 creatures vanquished.

Notes
Turn   | Place    | Note
--------------------------------------------------------------
     0 | D        | pulse the Formicid Fighter began the quest for the Orb.
     0 | D        | Reached XP level 1. HP: 18/18 MP: 1/1
     0 | D        | Found an iron altar of Okawaru.
     0 | D        | Found a burning altar of Makhleb.
     0 | D        | Found a radiant altar of Vehumet.
     0 | D        | Found a deep blue altar of Sif Muna.
     0 | D        | Found a shimmering altar of Xom.
    40 | D        | Found a corrupted altar of Lugonu.
    40 | D        | Found a white marble altar of Elyvilon.
    40 | D        | Found a roughly hewn altar of Beogh.
    40 | D        | Found a sparkling altar of Nemelex Xobeh.
    40 | D        | Found a viscous altar of Jiyva.
    40 | D        | Found a bloodstained altar of Trog.
    52 | D        | Became a worshipper of Qazlal Stormbringer
   115 | D        | Entered arena 1.
   115 | D        | Noticed an orc priest
   121 | D        | Killed an orc priest
   121 | D        | Reached skill level 6 in Axes
   121 | D        | Reached XP level 2. HP: 4/24 MP: 2/2
   121 | D        | Reached XP level 3. HP: 4/29 MP: 3/3
   498 | D        | Entered arena 2.
   498 | D        | Noticed a small abomination
   502 | D        | Acquired Qazlal's first power
   506 | D        | Slain by a small abomination

Vault maps used:
D:        sprint_v

Action                   || total
-------------------------++-------
Melee: Executioner's axe ||    12
